 Dungeon Sprint DCSS version 0.23.2-1-ga50397a (webtiles) character file.

Game seed: 13953952017394624126

54 doot the Basher (level 6, -12/63 HPs)
             Began as a Gargoyle Gladiator on Apr 24, 2019.
             Was a Priest of Vehumet.
             Mangled by a gargoyle
             ... wielding a +0 flail
              (17 damage)
             ... in the Dungeon (Sprint VI: "Thunderdome").
             The game lasted 00:06:07 (419 turns).

doot the Basher (Gargoyle Gladiator)                 Turns: 419, Time: 00:06:07

Health: -12/63     AC:  9    Str: 25    XL:     6   Next: 71%
Magic:  15/15      EV: 14    Int: 10    God:    Vehumet [***...]
Gold:   145        SH:  0    Dex: 11    Spells: 5/5 levels left

rFire    . . .     SeeInvis .   a - +0 flail
rCold    . . .     Gourm    .   (no shield)
rNeg     + + +     Faith    .   b - +0 leather armour
rPois    ∞         Spirit   .   c - +0 helmet
rElec    +         Reflect  .   (no cloak)
rCorr    .         Harm     .   (no gloves)
MR       .....     NoTele   +   (no boots)
Stlth    ..........             (no amulet)
HPRegen  0.20/turn              p - ring "Loasyrok" {+Fly rElec MP+9}
MPRegen  0.14/turn              s - ring "Soguet" {*Drain rN++ Str+2}

@: berserking, very quick
A: negative energy resistance 1, electricity resistance, unbreathing,
petrification resistance, rot immunity, AC +4
a: Renounce Religion, Evoke Flight


You were in the Dungeon.
You worshipped Vehumet.
Vehumet was most pleased with you.
You were not hungry.

You visited 1 branch You collected 280 gold pieces.
You spent 135 gold pieces at shops.

Inventory:

Hand Weapons
 a - a +0 flail (weapon)
Missiles
 d - 3 throwing nets (quivered)
Armour
 b - a +0 leather armour (worn)
 c - a +0 helmet (worn)
Jewellery
 p - the ring "Loasyrok" (left hand) {+Fly rElec MP+9}
   (You bought it in a shop in the Dungeon)

   [ring of flight]

   It insulates you from electricity.
   It affects your magic capacity (+9).
   It lets you fly.
 q - the ring "Otona" {+Fly rElec rF++ Str-5 Slay+3}
   (You bought it in a shop in the Dungeon)

   [ring of slaying]

   It affects your strength (-5).
   It affects your accuracy and damage with ranged weapons and melee attacks
   (+3).
   It greatly protects you from fire.
   It insulates you from electricity.
   It lets you fly.
 s - the ring "Soguet" (right hand) {*Drain rN++ Str+2}
   (You bought it in a shop in the Dungeon)

   [ring of strength]

   It affects your strength (+2).
   It greatly protects you from negative energy.
   It causes draining when unequipped.
Wands
 l - a wand of acid (2)
 m - a wand of iceblast (4)
Scrolls
 k - 4 scrolls of blinking
 n - 3 scrolls of fog
Potions
 e - a potion of curing
 g - 3 potions of heal wounds
 h - 4 potions of haste
 i - 2 potions of magic
 o - a potion of resistance
Comestibles
 f - a ration


   Skills:
 + Level 6.8 Fighting
 + Level 9.1 Maces & Flails
 + Level 3.7 Throwing
 + Level 4.5 Armour
 + Level 6.3 Dodging
 + Level 0.1 Stealth
 + Level 0.5 Evocations


You had 5 spell levels left.
You didn't know any spells.
Your spell library was empty.

Dungeon Overview and Level Annotations

Branches:
Dungeon (1/1)

Altars:
Cheibriados
Dithmenos
Fedhas
Gozag
Kikubaaqudgha
Makhleb
Okawaru
Qazlal
Ru
Sif Muna
Trog
Uskayaw
Vehumet
Wu Jian
Xom
Yredelemnul
Zin
The Shining One
Beogh
Jiyva
Lugonu

Shops:
D *[%??*?*:[((!!!!


Innate Abilities, Weirdness & Mutations

You are resistant to torment.
Your stone body is resilient. (AC +4)
You are immune to poison.
You resist negative energy. (rN+)
You are resistant to electric shocks. (rElec)
You can survive without breathing.
You are immune to petrification.
You are immune to rotting.


Message History

An iron imp comes into view.
You hit the gargoyle but do no damage.
The gargoyle is heavily damaged.
The gargoyle hits you with a +0 flail!
* * * LOW HITPOINT WARNING * * *
Unknown command.
A red film seems to cover your vision as you go berserk!
You feel yourself moving faster!
You feel mighty!
The gargoyle hurls a stone arrow at you.
The stone arrow misses you.
The iron imp shouts, "Succumb, thou defiled spur-galled barnacle!"
Unknown command.
You sock the gargoyle!
The gargoyle is severely damaged.
The gargoyle hurls a stone arrow at you.
The stone arrow misses you.
You hit the gargoyle.
The gargoyle is almost destroyed.
The gargoyle hits you with a +0 flail!
You die...

###∩........8.# #98........∩###
##.............###.............#
#⌠..........###..†###..........⌠
#⌠..........# #.<.# #..........⌠
#⌠..........###...###..........⌠
##.........)...###.............#
###∩........8.# #.8........∩###
##∩__......9###..5...___∩##
######.8...@.55..8.######
#⌠...........⌠# ###.........###
#........_# #_......._#
#_........# #∩.......∩#
##∩.....∩## ##.....##


You could see a gargoyle and 3 iron imps.

Vanquished Creatures
  2 necrophages (D)
  A phantom (D)
  2 wights (D)
  3 adders (D)
  An adder skeleton (D)
  2 ball pythons (D)
11 creatures vanquished.

Notes
Turn   | Place    | Note
-------+----------+-------------------------------------------
     0 | D        | doot the Gargoyle Gladiator began the quest for the Orb.
     0 | D        | Reached XP level 1. HP: 12/12 MP: 1/1
     1 | D        | Found a blossoming altar of Fedhas.
     1 | D        | Found a burning altar of Makhleb.
     2 | D        | Found a basalt altar of Yredelemnul.
     2 | D        | Found an iron altar of Okawaru.
     3 | D        | Found an ornate altar of the Wu Jian Council.
     3 | D        | Found a roughly hewn altar of Beogh.
     4 | D        | Found Cipyulep's Distillery.
     4 | D        | Found an ancient bone altar of Kikubaaqudgha.
     4 | D        | Found a shimmering altar of Xom.
     4 | D        | Found Talyil's Do-It-Yourself Clinic.
     5 | D        | Found Gockag's Distillery.
     5 | D        | Found Rebay's Bottled Wisdom.
     5 | D        | Round 1.
     7 | D        | Found a sacrificial altar of Ru.
     8 | D        | Found an opulent altar of Gozag.
    10 | D        | Found Huqiguc's Weapon Rack.
    11 | D        | Found a radiant altar of Vehumet.
    11 | D        | Found a glowing silver altar of Zin.
    11 | D        | Found Qesagec's Premium Goods.
    11 | D        | Found Ukeun's Basic Armour.
    11 | D        | Found Maesik's Miscellaneous Merchandise.
    19 | D        | Became a worshipper of Vehumet
    30 | D        | Found a hide-covered altar of Uskayaw.
    30 | D        | Found a bloodstained altar of Trog.
    30 | D        | Found Buwim's Identification Station.
    30 | D        | Found Xenymues's Advanced Armour.
    31 | D        | Found Ziggo's Jewellery.
    36 | D        | Found Irec's Delicious Food.
    36 | D        | Found a snail-covered altar of Cheibriados.
    36 | D        | Found a glowing golden altar of the Shining One.
    36 | D        | Found a corrupted altar of Lugonu.
    43 | D        | Bought a scorched granite ring for 45 gold pieces
    43 | D        | Bought a crude turquoise ring for 45 gold pieces
    44 | D        | Identified the ring "Loasyrok" {+Fly rElec MP+9} (You
                  | bought it in a shop in the Dungeon)
    45 | D        | Identified the ring "Otona" {+Fly rElec rF++ Str-5 Slay+3}
                  | (You bought it in a shop in the Dungeon)
    48 | D        | Found a deep blue altar of Sif Muna.
    50 | D        | Found a viscous altar of Jiyva.
    50 | D        | Found a stormy altar of Qazlal.
    51 | D        | Found Gisudgh's Magic Scroll Shop.
    52 | D        | Found Fagac's Magic Scroll Shop.
    52 | D        | Found Nesch's Must-Have Magic.
    53 | D        | Found a shadowy altar of Dithmenos.
    53 | D        | Found Nadoggul's Staff Store.
    73 | D        | Reached XP level 2. HP: 9/19 MP: 2/2
    77 | D        | Reached * piety under Vehumet
    77 | D        | Offered knowledge of Freeze by Vehumet.
    77 | D        | Reached skill level 4 in Maces & Flails
   154 | D        | Arena points: 12 (+12) [x2]
   154 | D        | Reached XP level 3. HP: 6/24 MP: 3/3
   171 | D        | Bought a scintillating copper ring for 45 gold pieces
   172 | D        | Identified the ring "Soguet" {*Drain rN++ Str+2} (You
                  | bought it in a shop in the Dungeon)
   200 | D        | Round 2.
   224 | D        | Noticed a phantom
   282 | D        | Killed a phantom
   282 | D        | Offered knowledge of Flame Tongue by Vehumet.
   282 | D        | Reached ** piety under Vehumet
   282 | D        | Reached skill level 6 in Maces & Flails
   282 | D        | Reached XP level 4. HP: 6/30 MP: 4/4
   306 | D        | Reached skill level 5 in Fighting
   306 | D        | Reached skill level 7 in Maces & Flails
   306 | D        | Reached skill level 5 in Dodging
   306 | D        | Reached XP level 5. HP: 5/35 MP: 5/5
   321 | D        | Noticed a necrophage
   329 | D        | Noticed a necrophage
   343 | D        | Killed a necrophage
   343 | D        | Reached skill level 8 in Maces & Flails
   343 | D        | Reached XP level 6. HP: 11/41 MP: 6/6
   347 | D        | Killed a necrophage
   347 | D        | Reached *** piety under Vehumet
   355 | D        | Arena points: 54 (+42) [x3]
   355 | D        | Reached skill level 9 in Maces & Flails
   388 | D        | Round 3.
   397 | D        | Noticed a gargoyle
   399 | D        | Noticed a rust devil
   419 | D        | Mangled by a gargoyle

Skill      XL: |  1  2  3  4  5  6 |
---------------+-------------------+-----
Fighting       | 3 4 5 6 |  6.8
Throwing       | 2 3 |  3.7
Dodging        | 3 4 5 6 |  6.3
Maces & Flails | 4 6 7 8 9 |  9.1
Armour         | 2 3 4 |  4.5
Stealth        | |  0.1
Evocations     | |  0.5

Action                   |  1- 3 |  4- 6 || total
-------------------------+-------+-------++-------
Melee: Flail             |    40 |    29 ||    69
Evoke: Wand              |       |     4 ||     4
  Use: Potion            |       |     2 ||     2
Armor: Leather armour    |     4 |     4 ||     8
Dodge: Dodged            |    26 |    10 ||    36
